 Dungeon Crawl Stone Soup version 0.28.0-62-gf88900778d (webtiles) character file.

Game seed: 12739801861291406112

25 Nonny the Gusty (level 3, 0/22 HPs)
             Began as a Tengu Air Elementalist on Apr 16, 2023.
             Slain by a hobgoblin (2 damage)
             ... on level 2 of the Dungeon.
             The game lasted 00:07:51 (850 turns).

Nonny the Gusty (Tengu Air Elementalist)             Turns: 850, Time: 00:07:52

Health: 0/22       AC:  2    Str:  8    XL:     3   Next: 4%
Magic:  1/7        EV:  9    Int: 17    God:
Gold:   38         SH:  0    Dex: 14    Spells: 3/6 levels left

rFire   . . .      SeeInvis .   c - +0 whip
rCold   . . .      Faith    .   (no shield)
rNeg    . . .      Spirit   .   a - +0 robe
rPois   .          Reflect  .   (helmet restricted)
rElec   .          Harm     .   (no cloak)
rCorr   .          Rampage  .   (no gloves)
Will    .....                   (boots unavailable)
Stlth   ++........              (no amulet)
HPRegen 0.07/turn               (no ring)
MPRegen 0.10/turn               (no ring)

@: constricted
A: beak, talons 3
a: no special abilities


You were on level 2 of the Dungeon.
You visited 1 branch of the dungeon, and saw 2 of its levels.

You collected 38 gold pieces.

Inventory:

Hand Weapons
 c - a +0 whip (weapon)
Armour
 a - a +0 robe (worn)
Scrolls
 f - a scroll of blinking
 g - a scroll of magic mapping {unknown}
Potions
 b - 2 potions of curing {unknown}
 d - 2 potions of lignification {unknown}
 e - a potion of flight {unknown}


   Skills:
 + Level 2.5 Fighting
 - Level 2.1 Dodging
 - Level 2.0 Stealth
 - Level 2.0 Spellcasting
 - Level 1.3 Conjurations
 - Level 4.0 Air Magic


You had 3 spell levels left.
You knew the following spells:

 Your Spells              Type           Power      Damage    Failure   Level
a - Shock                 Conj/Air       40%        1d5       6%          1
b - Static Discharge      Conj/Air       10%        N/A       10%         2

Your spell library contained the following spells:

 Spells                   Type           Power      Damage    Failure   Level
 Swiftness                Air            15%        N/A       11%         3
 Airstrike                Air            7%         N/A       34%         4
 Dispersal                Tloc           0%         N/A       100%        6
 Disjunction              Tloc           0%         N/A       100%        8


Dungeon Overview and Level Annotations

Branches:
Dungeon (2/15)

Altars:

Shops:
D:2 (


Innate Abilities, Weirdness & Mutations

You have a beak for a mouth.
You have claws for feet.


Message History

A hobgoblin comes into view.
You have reached level 3!
Your experience leads to an increase in your attributes!
Increase (S)trength, (I)ntelligence, or (D)exterity?
You feel clever. x2
The goblin hits you with a +0 dagger.
* * * LOW HITPOINT WARNING * * *
Things that are here:
a +0 mace; a +0 chain mail; a hobgoblin corpse
Okay, then.
You see here a bat corpse.
A ball python comes into view.
You closely miss the goblin. You claw the goblin.
You kill the goblin!
The hobgoblin shouts!
You see here a +0 dagger.
You barely miss the ball python.
The ball python hisses angrily.
You peck the ball python.
The ball python is moderately wounded.
The ball python closely misses you. The ball python grabs you.
The ball python constricts you.
Casting: Shock (safe; 6% risk of failure)
Confirm with . or Enter, or press ? or * to list all spells.
The hobgoblin is struck by an arc of lightning.
The hobgoblin is heavily wounded.
You are struck by an arc of lightning.
* * * LOW HITPOINT WARNING * * *
The lightning grounds out.
The ball python bites you.
* * * LOW HITPOINT WARNING * * *
The ball python constricts you. The hobgoblin closely misses you.
Unknown command.
Unknown command.
Unknown command.
You escape the ball python's grasp.
The hobgoblin completely misses you. The ball python closely misses you.
The ball python grabs you. The ball python constricts you.
The ball python's grasp on you weakens, but your attempt to escape fails.
The hobgoblin hits you.
You die...

################
#<§.......#....##
###############..#.#....
..>.........# #.#...#.# .
.#.###....#.#
##@.∩..####... .#.#
#....#.# #g#S..#.......
##.###....#.###).#.#..##...
#.....†..'.......#.........
#.###....#..###).....##....
##.# #....##.###.###.## ...
...###....##..##.# #.# .
##......#####.##.# #.[
##.####.##.......# ###.


You could see a hobgoblin and a ball python.

Vanquished Creatures
  A dart slug (D:1)
  2 endoplasms
  A giant cockroach (D:1)
  3 goblins
  4 hobgoblins
  4 ball pythons
  3 bats
  2 kobolds (D:1)
  A rat (D:2)
21 creatures vanquished.

Notes
Turn   | Place    | Note
-------+----------+-------------------------------------------
     0 | D:1      | Nonny the Tengu Air Elementalist began the quest for the
                  | Orb.
     0 | D:1      | Reached XP level 1. HP: 10/10 MP: 4/4
    26 | D:1      | Starting vault: stone wall egg
    79 | D:1      | Reached skill level 1 in Fighting
   152 | D:1      | Reached XP level 2. HP: 13/16 MP: 3/6
   195 | D:1      | T-shaped hallways of statues in the southwest.
   273 | D:1      | Rapier in the west.
   410 | D:1      | Learned a level 2 spell: Static Discharge
   594 | D:1      | Book of the Warp in northeast.
   652 | D:1      | Some kind of diagonal walls vault towards the north.
   691 | D:2      | Found Adinarph's Antique Weapon Emporium.
   692 | D:2      | ZAKOUDD FUASE - blinking
   696 | D:2      | 207 gold for a translucent broad axe
   826 | D:2      | Reached XP level 3. HP: 7/22 MP: 1/7
   850 | D:2      | Slain by a hobgoblin

Illustrated notes ... ..## #.######..# #.........# #.........# #.........# #...###...# #..##.##..# #..#...#..# #..'.@.'..# ##..#...#..# +...##.##..# #....###...# #..........# #..........# #..........# #.#######..# ... #.## Turn 26 on D:1: Starting vault: stone wall egg #.# #......... #.# #......... #.# ####.......## #.## #...........# #.. #...........# #.### ### ### #######......# #.#8###8###⌠###8###8#......# #..........................# #..........@......)...###### #.......†.............# ###8###8##...##8###8### ### ####...#### ### #8...8# ##...## #...# ##...## #8...8# Turn 195 on D:1: T-shaped hallways of statues in the southwest. #.# ... ######.# .. ##......# ... .......##.. #.......... #####.....## #...'....).# #.###......# #.# #.....@# #.# ######.# #.# #####'### #.# #.......# #.# #.......# #.# #.......# #.# #.......# #.# #.......# #.# #####.### Turn 273 on D:1: Rapier in the west. #.# ###.# ..#.################ ..'..>.............# ..###.....########.# ..........# #.# ####......# #.# ###############.# . .......@..# .. .!....##### .... ..... .... .... .).. ### .. .. ### .. ..## #.######..# Turn 594 on D:1: Book of the Warp in northeast.

#.#...........# #..
##'#'###.....#.# #..
##########........###.#.#######..
.........'.......................
######################...######..
# ###.........##..'....... #
#..#......#.##..######..
##########...#....#..##..# #..
#.............#.@#...##### ##..
#.....#........#...).# #...
#.....#..[...(.##....# #...
#.....#.......##.#...#########...
......#.......##..#..##.....##...
......'.......##...#.##.....##...
#.....#####'####....##......''...
#.....# #.## #...)##......##...
#.....# #..# #...#..#..†..#####


Turn 652 on D:1: Some kind of diagonal walls vault towards the north.
########### #<§.......# #######@.# #.#...# ##. ∩..# #. .#.. #. ..# #. .. .. # .#
Turn 692 on D:2: ZAKOUDD FUASE - blinking ################ #<§.......#....#
#######..#.#.... #.#...#.# ##..@..# #.#...#..... #..#.#..##.. .....#......
..###). ...##.. # #.# #.## . #. .# #. .[ Turn 696 on D:2: 207 gold for a
translucent broad axe

Levels and vault maps discovered:
D:1:      dpeg_arrival_shelter, layout_basic, hangedman_decor_slide_cut,
          corexii_hall_statues_t
D:2:      layout_basic, serial_shops, nicolae_diamond_shop,
          chequers_serial_rivers_micro_c

Skill      XL: |  1  2 |
---------------+-------+-----
Fighting       | 1 2 |  2.5
Dodging        | |  2.1
Stealth        | |  2.0
Spellcasting   | |  2.0
Conjurations   | |  1.3
Air Magic      | |  4.0

Action                   || total
-------------------------++-------
Melee: Unarmed           ||     6
       Kick              ||     4
       Peck              ||     5
       Whip              ||    13
 Cast: Shock             ||    32
       Static Discharge  ||     1
  Use: Scroll            ||     1
Armor: Robe              ||     8
Dodge: Dodged            ||    19
